 Dungeon Crawl Stone Soup version 0.30-a0-241-g1121274140 (webtiles) character file.

Game seed: 1336139591592917169

121 chippings the Firebug (level 5, -3/52 HPs)
             Began as an Ogre Fire Elementalist on Oct 10, 2022.
             Killed by divine providence
             ... invoked by an orc priest
              (12 damage)
             ... on level 3 of the Dungeon.
             The game lasted 00:05:50 (2138 turns).

chippings the Firebug (Ogre Fire Elementalist)      Turns: 2138, Time: 00:05:50

Health: -3/52      AC:  3    Str: 12    XL:     5   Next: 5%
Magic:  9/10       EV:  9    Int: 18    God:
Gold:   104        SH:  0    Dex:  9    Spells: 9/10 levels left

rFire   . . .      SeeInvis .    d - +0 spear
rCold   . . .      Faith    .    (no shield)
rNeg    + . .      Spirit   .    a - +0 robe
rPois   .          Reflect  .    (helmet restricted)
rElec   .          Harm     .    (no cloak)
rCorr   .          Rampage  .    (gloves unavailable)
Will    .....                    (boots unavailable)
Stlth   +.........               (no amulet)
HPRegen 0.28/turn                e - ring of positive energy
MPRegen 0.12/turn                (no ring)

@: no status effects
A: large, unfitting armour, tough skin 1
a: no special abilities


You were on level 3 of the Dungeon.
You visited 1 branch of the dungeon, and saw 3 of its levels.

You collected 104 gold pieces.

Inventory:

Hand Weapons
 d - a +0 spear (weapon)
Armour
 a - a +0 robe (worn)
Jewellery
 e - a ring of positive energy (left hand)
Scrolls
 c - 4 scrolls of identify
 g - a scroll of fog {unknown}
 i - a scroll of blinking {unknown}
Potions
 f - a potion of lignification
 j - a potion of flight {unknown}


   Skills:
 + Level 2.9 Fighting
 - Level 1.7 Dodging
 - Level 1.4 Stealth
 + Level 3.4 Spellcasting
 + Level 2.1 Conjurations
 + Level 3.4 Fire Magic


You had 9 spell levels left.
You knew the following spells:

 Your Spells              Type           Power      Damage    Failure   Level
a - Foxfire               Conj/Fire      52%        2x1d6     4%          1

Your spell library contained the following spells:

 Spells                   Type           Power      Damage    Failure   Level
 Scorch                   Fire           30%        2d6       6%          2
 Inner Flame              Hex/Fire       9%         N/A       24%         3
 Kindle Blastsparks       Fire/Tloc/Air  14%        2d11      28%         3
 Tukima's Dance           Hex            3%         N/A       43%         3
 Flame Wave               Conj/Fire      13%        2d6       45%         4
 Passage of Golubria      Tloc           3%         N/A       83%         4
 Yara's Violent Unravell  Hex/Tmut       1%         3d3       99%         5


Dungeon Overview and Level Annotations

Branches:
Dungeon (3/15)

Altars:


Innate Abilities, Weirdness & Mutations

You are too large for most types of armour.
You have tough skin. (AC +1)


Message History

The puff of flame hits you!
* * * LOW HITPOINT WARNING * * *
Casting: Foxfire (safe; 4% risk of failure)
Confirm with . or Enter, or press ? or * to list all spells.
You conjure some foxfire!
The orc priest hits you with a +0 hand axe.
* * * LOW HITPOINT WARNING * * *
The orc priest hits your foxfire with a +0 hand axe.
The orc wizard closely misses you. Magic courses through your body.
The foxfire hits the orc wizard but does no damage.
The orc wizard is severely wounded.
The foxfire hits the orc wizard but does no damage.
The orc wizard is severely wounded.
The orc priest calls upon Beogh to heal the orc wizard.
The orc wizard is healed somewhat.
The orc wizard gestures at you while chanting.
You are confused.
You're too confused to cast spells.
Sorry, you're not good enough to have a special ability.
It was a potion of curing.
You feel better.
The orc priest hits you with a +0 hand axe.
The orc wizard hits you with a +0 dagger of protection.
Casting: Foxfire (safe; 4% risk of failure)
Confirm with . or Enter, or press ? or * to list all spells.
You conjure some foxfire!
The orc priest hits you with a +0 hand axe.
* * * LOW HITPOINT WARNING * * *
The orc priest closely misses your foxfire.
The orc wizard hits you with a +0 dagger of protection.
* * * LOW HITPOINT WARNING * * *
You closely miss the orc wizard.
The orc wizard is heavily wounded.
The foxfire hits the orc wizard but does no damage.
The orc wizard is heavily wounded.
The foxfire hits the orc wizard but does no damage.
The orc wizard is heavily wounded.
The orc priest calls down the wrath of Beogh upon you.
Beogh smites you!
You die...

####### #... ..#
#.....# #... .. #.....#
#... #. #.....# #...
##.###.....# #...
...........# #^..
###........# #..o
#.o.#......# #o#
#####)o@§...#.## #.#
#...)########.# #.#
#[##.# #....# #.# ..#
#.#..# #.#
...#.#.#.#..## #o#
....#.....#..)#######.#
.....#
#......<)..[##§.#
?..##.#
#####.#####.#§.## ##..
..# ...#......>##


You could see an orc priest and an orc wizard.

Vanquished Creatures
  An orc priest (D:3)
  4 adders
  A worm (D:2)
  3 dart slugs
  3 orcs (D:3)
  5 bats
  3 endoplasms (D:2)
  A giant cockroach (D:2)
  5 goblins
  5 hobgoblins
  A quokka (D:2)
  A ball python (D:2)
  3 frilled lizards (D:1)
  5 kobolds
  2 rats
43 creatures vanquished.

Vanquished Creatures (others)
  135 foxfires
  A plant (D:2)
136 creatures vanquished.

Grand Total: 179 creatures vanquished

Notes
Turn   | Place    | Note
-------+----------+-------------------------------------------
     0 | D:1      | chippings the Ogre Fire Elementalist began the quest for
                  | the Orb.
     0 | D:1      | Reached XP level 1. HP: 16/16 MP: 3/3
   101 | D:1      | Reached skill level 1 in Conjurations
   187 | D:1      | Reached XP level 2. HP: 22/26 MP: 5/5
   236 | D:1      | Found a faded altar of an unknown god.
   242 | D:1      | Reached skill level 1 in Fighting
   945 | D:2      | Reached XP level 3. HP: 33/33 MP: 0/7
  1352 | D:2      | Reached XP level 4. HP: 42/42 MP: 6/8
  2032 | D:3      | Reached XP level 5. HP: 44/52 MP: 2/10
  2138 | D:3      | Killed from afar by an orc priest

Illustrated notes

Levels and vault maps discovered:
D:1:      lemuel_arrival_river_ford, layout_basic,
          shapermc_ecumenical_altar_venn
D:2:      layout_basic, serial_forest, infiniplex_forest_end_3,
          infiniplex_forest_lined_3, infiniplex_forest_lined_2,
          infiniplex_forest_pool, infiniplex_forest_lined_room_2,
          infiniplex_forest_clump_cross, infiniplex_forest_clump_double,
          infiniplex_forest_lined_3_way, infiniplex_forest_lined_3_way,
          minmay_indecisive_spiral
D:3:      layout_basic

Skill      XL: |  1  2  3  4 |
---------------+-------------+-----
Conjurations   | 1 2 |  2.1
Fighting       | 1 2 |  2.9
Fire Magic     | 3 |  3.4
Spellcasting   | 3 |  3.4
Dodging        | |  1.7
Stealth        | |  1.4

Action                   |  1- 3 |  4- 6 || total
-------------------------+-------+-------++-------
Melee: Unarmed           |     9 |       ||     9
       Punch             |     1 |       ||     1
       Dagger            |     4 |       ||     4
       Hand axe          |     2 |       ||     2
       Spear             |    12 |    21 ||    33
 Cast: Foxfire           |    41 |    36 ||    77
  Use: Scroll            |     1 |       ||     1
       Potion            |       |     2 ||     2
Armor: Robe              |    19 |     7 ||    26
Dodge: Dodged            |    18 |    18 ||    36

Table legend: (Time is in decaauts)
 A = Elapsed time spent in this place.
 B = Non-inter-level travel time spent in this place.
 C = Inter-level travel time spent in this place.
 D = Time resting spent in this place.
 E = Time spent auto-exploring this place.
 F = Levels seen in this place.
 G = Mean time per level.
                   A        B        C        D        E       F      G
               +--------+--------+--------+--------+--------+-----+--------+
         Total |   2142 |   2118 |     24 |     39 |   1513 |   3 |  714.0 |
       Dungeon |   2142 |   2118 |     24 |     39 |   1513 |   3 |  714.0 |
               +--------+--------+--------+--------+--------+-----+--------+

Top non-repeatable levels by time:
     D:2: 1041 daAuts
     D:1: 930 daAuts
     D:3: 171 daAuts
